 Dungeon Crawl Stone Soup version 0.18-a0-750-g37044d6 (webtiles) character file.

38 ThermosAquaticus the Cudgeler (level 3, -5/23 HPs)
             Began as a Gargoyle Chaos Knight on Dec 12, 2015.
             Killed from afar by Jessica (9 damage)
             ... with a wand of flame
             ... on level 2 of the Dungeon.
             The game lasted 00:02:21 (720 turns).

ThermosAquaticus the Cudgeler (GrCK)                 Turns: 720, Time: 00:02:23

Health: -5/23      AC:  9    Str: 16    XL:     3   Next: 43%
Magic:  3/3        EV: 11    Int: 12    God:    Xom [..*...]
Gold:   11         SH:  0    Dex:  9    Spells: 0 memorised, 2 levels left

rFire  . . .     SeeInvis .     a - +0 mace (chaos)
rCold  . . .     Clarity  .     b - +2 leather armour
rNeg   + . .     SustAt   .     (no shield)
rPois  ∞         Gourm    .     (no helmet)
rElec  +         Spirit   .     (no cloak)
rCorr  .         Dismiss  .     (no gloves)
rMut   .         Stasis   .     g - +0 pair of boots
MR     .....                    (no amulet)
Stlth  +.........               (no ring)
                                (no ring)

@: slowed, very slow, not resistant to hostile enchantments, very unstealthy
A: negative energy resistance 1, electricity resistance, unbreathing,
petrification resistance, rot immunity, AC +3
a: Renounce Religion


You were on level 2 of the Dungeon.
You worshipped Xom.
You were a toy of Xom.
You were not hungry.

You visited 1 branch of the dungeon, and saw 2 of its levels.

You collected 11 gold pieces.

Inventory:

Hand Weapons
 a - a +0 mace of chaos (weapon)
Missiles
 i - 57 stones (quivered)
Armour
 b - a +2 leather armour (worn)
 g - a +0 pair of boots (worn)
 l - a +0 scale mail
Scrolls
 e - a scroll of identify {unknown}
 k - a scroll of amnesia {unknown}
 n - a scroll of recharging {unknown}
Potions
 f - 2 potions of curing
 h - a potion of might {unknown}
 m - a potion of ambrosia {unknown}
Comestibles
 c - 2 bread rations
 d - a chunk of flesh
 j - a meat ration


   Skills:
 - Level 3.2 Fighting
 + Level 4.4 Maces & Flails
 - Level 2.1 Armour
 - Level 0.7 Dodging


You had 2 spell levels left.
You didn't know any spells.

Dungeon Overview and Level Annotations

Branches:
Dungeon (2/15)

Altars:

Annotations:
D:2 Jessica


Innate Abilities, Weirdness & Mutations

You are resistant to torment.
Your stone body is resilient (AC +3).
You are immune to poison.
You resist negative energy.
You are resistant to electric shocks.
You can survive without breathing.
You are immune to petrification.
You are immune to rotting.


Message History

Jessica barely misses you. Jessica closely misses you.
You hit Jessica.
You smell decay.
Jessica is heavily wounded.
Jessica closely misses you.
Jessica zaps a wand.
The puff of flame hits you!
You completely miss Jessica.
Jessica is heavily wounded.
Jessica zaps a wand.
The puff of flame hits you!
Ouch! That really hurt!
* * * LOW HITPOINT WARNING * * *
Drink which item? (? for menu, Esc to quit)
It was a potion of curing.
You feel better. Jessica closely misses you. Jessica casts a spell at you.
You feel as though you will be slow longer.
You closely miss Jessica.
Jessica is heavily wounded.
Jessica gestures at you while chanting. Pain shoots through your body!
* * * LOW HITPOINT WARNING * * *
Jessica zaps a wand.
The puff of flame hits you!
You die...

#.........####.........#
##.......## ##......###
##.....## ##.....#
##...## ###.### ##'##
#.# #.# #. #.#
###.####### #....@@...#
#.....###.# #....##
......#. ###.....#
#.##### #. #.


You could see Jessica.

Vanquished Creatures
  Natasha (D:2)
  2 giant geckos
  2 bats
  A giant newt (D:2)
  2 goblins (D:1)
  3 kobolds (D:1)
  3 rats
14 creatures vanquished.

Notes
Turn   | Place    | Note
--------------------------------------------------------------
     0 | D:1      | ThermosAquaticus the Gargoyle Chaos Knight began the quest for the Orb.
     0 | D:1      | Reached XP level 1. HP: 14/14 MP: 1/1
   115 | D:1      | XOM: harmless Erth miscast
   120 | D:1      | XOM: harmless Tloc miscast
   154 | D:1      | XOM: harmless Trmt miscast
   232 | D:1      | XOM: silly message
   413 | D:1      | Reached XP level 2. HP: 19/19 MP: 2/2
   705 | D:2      | Noticed Natasha
   711 | D:2      | Killed Natasha
   711 | D:2      | Reached skill level 4 in Maces & Flails
   711 | D:2      | Reached XP level 3. HP: 23/23 MP: 3/3
   713 | D:2      | Noticed Jessica
   720 | D:2      | Killed from afar by Jessica

Vault maps used:
D:1:      sevenhm_arrival_forest_fort_small_5, patterned_corridor
D:2:      marbit_many_paths, minivault_27, uniq_robin, uniq_jessica, uniq_iyjb,
          uniq_natasha

Action                   || total
-------------------------++-------
Melee: Mace              ||    33
  Use: Potion            ||     1
